 Dungeon Crawl Stone Soup version 0.22-a0-558-gc224181 (webtiles) character file.

104 inc the Skirmisher (level 4, -6/52 HPs)
             Began as an Ogre Arcane Marksman on June 27, 2018.
             Mangled by a goblin
             ... wielding a +0 club
             ... led by Robin
              (9 damage)
             ... on level 2 of the Dungeon.
             The game lasted 00:02:22 (1551 turns).

inc the Skirmisher (Ogre Arcane Marksman)           Turns: 1551, Time: 00:02:23

Health: -6/52      AC:  3    Str: 14    XL:     4   Next: 80%
Magic:  5/5        EV: 10    Int: 15    God:
Gold:   54         SH:  0    Dex:  9    Spells: 4/5 levels left

rFire    + . .     SeeInvis .   b - +0 flail
rCold    + . .     Gourm    .   (no shield)
rNeg     . . .     Faith    .   a - +0 robe
rPois    +         Spirit   .   (helmet restricted)
rElec    +         Reflect  .   (no cloak)
rCorr    +         Harm     .   (gloves unavailable)
MR       .....                  (boots unavailable)
Stlth    +.........             (no amulet)
HPRegen  0.17/turn              (no ring)
MPRegen  0.09/turn              (no ring)

@: resistant
A: large, unfitting armour, tough skin 1
a: no special abilities


You were on level 2 of the Dungeon.
You were not hungry.

You visited 1 branch of the dungeon, and saw 2 of its levels.

You collected 54 gold pieces.

Inventory:

Hand Weapons
 b - a +0 flail (weapon)
Missiles
 c - 4 large rocks (quivered)
 d - 2 throwing nets
Armour
 a - a +0 robe (worn)
Scrolls
 e - a scroll of fog {unknown}
 g - 2 scrolls of teleportation {unknown}
 h - a scroll of noise {unknown}
 i - 2 scrolls of identify {unknown}
 j - a scroll of amnesia {unknown}
Potions
 k - a potion of resistance
 l - a potion of degeneration {unknown}
Comestibles
 f - 2 rations


   Skills:
 + Level 5.9 Fighting
 - Level 2.0 Throwing
 - Level 1.7 Dodging
 - Level 1.2 Spellcasting
 - Level 2.6 Hexes


You had 4 spell levels left.
You knew the following spells:

 Your Spells              Type           Power        Failure   Level  Hunger
a - Corona                Hex            #......      9%          1    ##.....

Your spell library contained the following spells:

 Spells                   Type           Power        Failure   Level  Hunger
 Cause Fear               Hex            #.........   63%         4    #####..
 Slow                     Hex            #.......     12%         2    ###....
 Portal Projectile        Hex/Tloc       #.....       38%         3    ####...
 Leda's Liquefaction      Hex/Erth       #.........   80%         4    #####..
 Inner Flame              Hex/Fire       #.......     38%         3    ####...


Dungeon Overview and Level Annotations

Branches:
Dungeon (2/15)

Altars:
Cheibriados

Annotations:
D:2 Robin


Innate Abilities, Weirdness & Mutations

You are too large for most types of armour.
You have tough skin. (AC +1)


Message History

The goblin hits you.
* * * LOW HITPOINT WARNING * * *
The goblin hits you.
* * * LOW HITPOINT WARNING * * *
Unknown command.
You sock the goblin!
You kill the goblin!
The hobgoblin no longer looks unusually strong.
Robin throws the goblin at you!
* * * LOW HITPOINT WARNING * * *
The goblin hits you but does no damage. The goblin closely misses you.
Robin roars a battlecry!
The hobgoblin goes into a battle-frenzy!
The goblin hits you but does no damage. The goblin hits you.
* * * LOW HITPOINT WARNING * * *
It was a potion of resistance.
You feel protected.
The hobgoblin no longer looks unusually strong.
The goblin barely misses you. The goblin hits you with a club!
You die...

#...................#
.<####.######.......#
#.# #.......# ##.#
##.....## ###..#
#....## ###...##
#...## #####...###
###.### ...##.###
#.g.# ##....## #@#.#
##....### ###g#.#
###.##...# ##ggg#.#
.........# #.g###.#
##.####### #gg## #..
... ...... ... ..#
..>...... .. ...
#.##.#.... ..# #
#.#.[...


You could see 3 hobgoblins and 3 goblins.

Vanquished Creatures
  Terence (D:2)
  2 gnolls
  An adder (D:2)
  An ooze (D:2)
  A worm (D:2)
  A dart slug (D:1)
  A leopard gecko (D:2)
  A ball python (D:1)
  2 bats
  A giant cockroach (D:1)
  10 goblins
  3 hobgoblins
  2 jackals (D:1)
  3 frilled lizards
  8 kobolds
  3 rats (D:1)
41 creatures vanquished.

Notes
Turn   | Place    | Note
-------+----------+-------------------------------------------
     0 | D:1      | inc the Ogre Arcane Marksman began the quest for the Orb.
     0 | D:1      | Reached XP level 1. HP: 19/19 MP: 2/2
   118 | D:1      | Reached skill level 3 in Fighting
   118 | D:1      | Reached XP level 2. HP: 31/31 MP: 1/3
   284 | D:1      | Reached XP level 3. HP: 33/39 MP: 4/4
   423 | D:1      | Reached skill level 4 in Fighting
  1078 | D:2      | Noticed Terence
  1083 | D:2      | Killed Terence
  1083 | D:2      | Reached skill level 5 in Fighting
  1083 | D:2      | Reached XP level 4. HP: 43/50 MP: 3/5
  1464 | D:2      | Found a snail-covered altar of Cheibriados.
  1535 | D:2      | Noticed Robin
  1551 | D:2      | Mangled by a goblin

Vault maps used:
D:1:      dpeg_arrival_castle
D:2:      old_standard_altar, old_standard_altar, uniq_robin, uniq_terence

Skill      XL: |  1  2  3 |
---------------+----------+-----
Fighting       | 3 5 |  5.9
Throwing       | |  2.0
Dodging        | |  1.7
Spellcasting   | |  1.2
Hexes          | |  2.6

Action                   |  1- 3 |  4- 6 || total
-------------------------+-------+-------++-------
Melee: Flail             |    70 |    51 ||   121
Throw: Large rock        |    10 |     4 ||    14
 Cast: Corona            |     2 |     1 ||     3
  Use: Potion            |       |     1 ||     1
  Eat: Chunk             |     1 |     1 ||     2
Armor: Robe              |    16 |    19 ||    35
Dodge: Dodged            |    37 |    55 ||    92

Table legend:
 A = Spawn XP
 B = Non-spawn XP
 C = Spawn XP percentage of total XP
 D = Spawn monster count
 E = Non-spawn monster count
 F = Spawn count percentage of total count
 G = Total turns spent on level
                    A         B        C        D         E        F      G
               +---------+---------+-------+---------+---------+-------+---------
         Total |       0 |     149 |   0.0 |       0 |      41 |   0.0 |  1551
               +---------+---------+-------+---------+---------+-------+---------
           D:1 |       0 |      50 |   0.0 |       0 |      22 |   0.0 |   926
           D:2 |       0 |      99 |   0.0 |       0 |      19 |   0.0 |   625
               +---------+---------+-------+---------+---------+-------+---------
